 Dungeon Crawl Stone Soup version 0.26-a0-651-gb41185065b (webtiles) character file.

Game seed: 5162629254639238419

48939 simcity the Destroyer (level 14, -1/94 HPs)
             Began as an Octopode Conjurer on Sept 29, 2020.
             Was an Initiate of Gozag.
             Engulfed by a cloud of freezing vapour (12 damage)
             ... on level 1 of the Swamp.
             The game lasted 01:33:33 (25836 turns).

simcity the Destroyer (Octopode Conjurer)          Turns: 25836, Time: 01:33:33

Health: -1/94      AC:  1    Str:  6    XL:     14   Next: 48%
Magic:  1/48       EV: 16    Int: 26    God:    Gozag
Gold:   950        SH:  0    Dex: 10    Spells: 9/38 levels left

rFire    + . .     SeeInvis +   T - staff of cold
rCold    + + .     Faith    +   (no shield)
rNeg     + . .     Spirit   .   (helmet restricted)
rPois    .         Reflect  .   O - amulet "Inuocsec" {Faith MR+}
rElec    .         Harm     .   w - ring of magical power
rCorr    .         Rampage  .   z - ring of protection from cold
MR       ++...                  I - ring of see invisible
Stlth    +++.......             a - ring of wizardry
HPRegen  0.25/turn              m - ring of magical power
MPRegen  0.31/turn              X - ring of positive energy
                                y - ring of fire
                                e - ring of protection from cold

@: gold aura, slowed, very slow
A: almost no armour, stealthy swim, amphibious, 8 rings, constrict 8, camouflage
1, gelatinous body 1
a: Potion Petition, Call Merchant, Bribe Branch, Renounce Religion


You were on level 1 of the Swamp.
You worshipped Gozag.
Gozag was pleased with you.
You visited 4 branches of the dungeon, and saw 19 of its levels.

You collected 4574 gold pieces.
You spent 788 gold pieces at shops.
You paid 2836 gold pieces to Gozag.

Inventory:

Hand Weapons
 x - a +3 dagger of freezing
 R - a +3 dagger of speed
Missiles
 M - 9 curare-tipped darts (quivered)
Armour
 Y - a +0 buckler
Magical Staves
 K - an uncursed staff of poison
 T - an uncursed staff of cold (weapon)
Jewellery
 a - a ring of wizardry (on tentacle)
 e - a ring of protection from cold (on tentacle)
 m - a ring of magical power (on tentacle)
 r - an uncursed amulet of regeneration
 w - a ring of magical power (left tentacle)
 y - a ring of fire (on tentacle)
 z - a ring of protection from cold (right tentacle)
 I - a ring of see invisible (on tentacle)
 O - the amulet "Inuocsec" (around mantle) {Faith MR+}
   (You found it on level 3 of the Lair of Beasts)

   [amulet of faith]

   It allows you to gain divine favour quickly.
   It affects your resistance to hostile enchantments.
 P - the ring of Propriety {*Contam rC+ MR+ Int+3}
   (You found it on level 3 of the Lair of Beasts)

   [ring of protection from cold]

   It affects your intelligence (+3).
   It protects you from cold.
   It affects your resistance to hostile enchantments.
   It causes magical contamination when unequipped.
 X - a ring of positive energy (on tentacle)
Wands
 h - a wand of flame (35)
 q - a wand of digging (11)
 A - a wand of paralysis (25)
 C - a wand of acid (9)
 H - a wand of iceblast (7)
Scrolls
 b - 4 scrolls of fog
 d - 10 scrolls of teleportation
 g - 4 scrolls of blinking
 n - a scroll of random uselessness {unknown}
 p - 13 scrolls of remove curse
 E - 4 scrolls of magic mapping
 Q - a scroll of noise {unknown}
 S - a scroll of holy word {unknown}
 W - a scroll of fear {unknown}
Potions
 c - 4 potions of curing
 f - a potion of degeneration {unknown}
 i - 6 potions of heal wounds
 l - 4 potions of brilliance
 o - 3 potions of lignification
 t - a potion of berserk rage {unknown}
 u - a potion of ambrosia {unknown}
 v - a potion of haste {unknown}
 B - 2 potions of cancellation {unknown}
 G - 2 potions of flight
 J - 2 potions of invisibility {unknown}
 N - 2 potions of magic {unknown}
Miscellaneous
 k - a phial of floods
 U - a box of beasts (3/3)


   Skills:
 - Level 8.0 Fighting
 - Level 7.5 Dodging
 - Level 2.6 Stealth
 + Level 1.3 Shields
 - Level 12.6 Spellcasting
 - Level 13.0 Conjurations
 - Level 9.0 Hexes
 - Level 9.0 Translocations
 + Level 1.3 Ice Magic
 + Level 1.3 Air Magic


You had 9 spell levels left.
You knew the following spells:

 Your Spells              Type           Power        Failure   Level
a - Magic Dart            Conj           ####         0%          1
b - Searing Ray           Conj           ######       1%          2
c - Fulminant Prism       Conj/Hex       ######....   1%          4
d - Iskenderun's Mystic   Conj/Tloc      ######..     1%          4
f - Freezing Cloud        Conj/Ice/Air   ######....   26%         6
l - Blink                 Tloc           N/A          1%          2
m - Mephitic Cloud        Conj/Pois/Air  #####...     1%          3
o - Orb of Destruction    Conj           ######....   6%          7

Your spell library contained the following spells:

 Spells                   Type           Power        Failure   Level
 Shock                    Conj/Air       ####         1%          1
 Sting                    Tmut/Pois      ###.         1%          1
 Poisonous Vapours        Pois/Air       ###...       1%          2
 Slow                     Hex            ######..     1%          2
 Swiftness                Air            ###.....     1%          2
 Conjure Flame            Conj/Fire      ######..     1%          3
 Dazzling Flash           Conj/Hex       ######       1%          3
 Static Discharge         Conj/Air       ######..     1%          3
 Iskenderun's Battlesphe  Conj           ######..     1%          5
 Call Imp                 Summ           ###.....     2%          2
 Fireball                 Conj/Fire      ######....   2%          5
 Lightning Bolt           Conj/Air       ######....   2%          5
 Ignite Poison            Fire/Tmut/Pois ###.....     4%          3
 Bolt of Magma            Conj/Fire/Erth ######....   7%          5
 Airstrike                Air            ###.......   9%          4
 Olgreb's Toxic Radiance  Pois           ###.....     14%         4
 Iron Shot                Conj/Erth      ######....   16%         6
 Starburst                Conj/Fire      ######....   16%         6
 Excruciating Wounds      Necr           ###.......   36%         5
 Spellforged Servitor     Conj/Summ      ######....   61%         7
 Ignition                 Fire           ###.......   100%        8


Dungeon Overview and Level Annotations

Branches:
Dungeon (11/15)            Temple (1/1) D:6            Lair (6/6) D:11
  Swamp (1/4) Lair:4        Snake (0/4) Lair:2        Slime (0/5) Lair:5
    Orc (0/2) D:10

Altars:
Ashenzari
Cheibriados
Fedhas
Gozag
Hepliaklqana
Okawaru
Qazlal
Ru
Sif Muna
Trog
Xom
Yredelemnul
Zin
The Shining One

Shops:
D:8 *   Lair:1 *:[=


Innate Abilities, Weirdness & Mutations

You cannot wear most types of armour.
You are very stealthy in the water. (Stealth+)
You are amphibious.
You can wear up to eight rings at the same time.
You can use your tentacles to constrict eight enemies at once.
Your skin changes colour to match your surroundings (Stealth+).
Your rubbery body absorbs attacks. (AC +1, EV +1)


Message History

Okay, then.
T - an uncursed staff of cold (weapon)
You are engulfed in freezing vapours.
You resist.
The vampire mosquito is engulfed in freezing vapours.
The vampire mosquito misses you.
You are engulfed in freezing vapours.
You resist.
The vampire mosquito is engulfed in freezing vapours.
The vampire mosquito barely misses you.
The vampire mosquito is engulfed in freezing vapours.
You destroy the vampire mosquito!
You are engulfed in freezing vapours.
You resist.
You are engulfed in freezing vapours.
You resist.
* * * LOW HITPOINT WARNING * * *
The hornet stings you!
* * * LOW HITPOINT WARNING * * *
You feel yourself slow down.
You see here 5 gold pieces.
You are engulfed in freezing vapours.
You resist.
You die...
Your body crumbles into a pile of gold.

♣♣.......... ...≈≈
♣.≈.....≈..##....
..≈≈≈..≈≈....#... #
..≈≈≈≈≈≈≈....... .#
§.≈≈≈≈≈≈≈y....####......
≈≈≈≈≈≈≈≈≈≈..#.#§@#..#.(♣
≈≈≈≈...≈≈≈$...##§#....≈.♣
$≈$≈..≈§.$≈≈...y§§§..≈≈..
....≈♣♣...≈≈≈...y§≈≈≈.≈≈♣
≈.≈♣♣♣♣♣♣.≈≈$..♣.≈≈≈≈.≈≈♣
≈. .≈♣♣♣♣.≈≈≈.$♣≈$.≈≈.≈.♣
. ..≈....≈≈≈......≈≈≈≈.♣
♣♣♣..≈.≈≈..♣≈≈≈.≈≈≈≈≈♣
♣≈...≈♣..≈♣♣$≈..§≈§..♣♣


You could see 2 hornets.

Vanquished Creatures
  Nessos (Lair:5)
  A fire dragon (Lair:6)
  2 shambling mangroves (Swamp:1)
  A catoblepas (Lair:6)
  A hydra (Lair:6)
  A centaur warrior (D:10)
  A tengu warrior (D:11)
  3 two-headed ogres
  Nergalle (Lair:4)
  An unseen horror (D:11)
  Pikel (D:8)
  A lindwurm (Lair:6)
  A manticore (D:11)
  A wolf spider (Lair:6)
  An oklob plant (Lair:3)
  9 elephants
  9 black mambas
  A guardian serpent (Lair:6)
  A gargoyle (D:10)
  Joseph (D:8)
  15 cane toads
  Maggie (D:10)
  5 torpor snails (Lair:6)
  2 rime drakes
  6 komodo dragons
  A tengu conjurer (D:11)
  A troll (D:10)
  14 blink frogs
  9 hornets
  3 hippogriffs
  4 tyrant leeches (Lair:6)
  7 dream sheep (Lair:3)
  A slime creature (Lair:5)
  Sigmund (D:4)
  3 redbacks (Lair:6)
  11 wyverns
  27 yaks
  3 vampire mosquitoes (Swamp:1)
  A basilisk (Lair:4)
  4 nagas (Lair:2)
  24 water moccasins
  3 porcupines
  3 sky beasts
  3 ice beasts
  A hornet zombie (D:9)
  2 black bears
  2 orc warriors
  2 centaurs
  3 ogres
  4 wolves (Lair:2)
  A big kobold (D:9)
  9 crocodiles
  14 bullfrogs
  A water moccasin zombie (D:10)
  3 scorpions
  5 killer bees
  5 wights (D:6)
  4 howler monkeys
  An electric eel (Lair:3)
  2 centaur zombies (D:9)
  2 quasits
  5 hounds
  8 orc priests
  3 bullfrog skeletons
  2 centaur skeletons
  5 jellies
  9 orc wizards
  Natasha (twice) (D:4)
  5 iguanas
  10 worker ants
  A killer bee zombie (D:9)
  2 hound zombies (D:10)
  A hound skeleton (D:11)
  A worker ant zombie (D:5)
  4 gnolls (D:3)
  18 adders
  2 shadow imps
  4 white imps
  3 ufetubi
  2 adder skeletons
  2 worms (D:2)
  3 dart slugs
  3 leopard geckos
  37 orcs
  6 bats
  7 giant cockroaches
  4 goblins
  11 hobgoblins
  7 jackals
  5 quokkas
  7 frilled lizards
  A giant cockroach zombie (D:6)
  9 kobolds
  A quokka zombie (D:6)
  6 rats
  8 fulminant prisms
456 creatures vanquished.

Vanquished Creatures (others)
  372 fulminant prisms
  39 fungi
  111 plants
522 creatures vanquished.

Grand Total: 978 creatures vanquished

Notes
Turn   | Place    | Note
-------+----------+-------------------------------------------
     0 | D:1      | simcity the Octopode Conjurer began the quest for the Orb.
     0 | D:1      | Reached XP level 1. HP: 11/11 MP: 3/3
   264 | D:1      | Reached XP level 2. HP: 17/17 MP: 3/5
   596 | D:1      | Learned a level 2 spell: Searing Ray
  1162 | D:2      | Reached XP level 3. HP: 21/21 MP: 1/7
  1401 | D:2      | Found a faded altar of an unknown god.
  1662 | D:2      | Reached XP level 4. HP: 27/27 MP: 4/8
  1664 | D:2      | Reached skill level 5 in Conjurations
  1942 | D:2      | Reached XP level 5. HP: 31/31 MP: 6/10
  2291 | D:2      | Found a stormy altar of Qazlal.
  2522 | D:2      | Learned a level 4 spell: Fulminant Prism
  2527 | D:2      | Learned a level 4 spell: Iskenderun's Mystic Blast
  2829 | D:3      | Found a glowing golden altar of the Shining One.
  3358 | D:4      | Reached skill level 1 in Hexes
  3358 | D:4      | Reached skill level 1 in Translocations
  3358 | D:4      | Reached XP level 6. HP: 36/36 MP: 4/12
  3652 | D:4      | Found a snail-covered altar of Cheibriados.
  3687 | D:4      | Noticed Sigmund
  3825 | D:4      | Noticed Natasha
  3905 | D:4      | Killed Natasha
  4010 | D:4      | Reached skill level 6 in Conjurations
  4010 | D:4      | Reached XP level 7. HP: 41/41 MP: 7/13
  4074 | D:4      | Noticed Natasha
  4080 | D:4      | Killed Natasha
  4172 | D:4      | Killed Sigmund
  4347 | D:5      | Entered Level 5 of the Dungeon
  4880 | D:5      | Reached XP level 8. HP: 46/46 MP: 6/15
  5024 | D:5      | Found a sacrificial altar of Ru.
  5025 | D:5      | Found a shimmering altar of Xom.
  5226 | D:5      | Found a bloodstained altar of Trog.
  5292 | D:6      | Reached skill level 5 in Spellcasting
  5807 | D:6      | Reached skill level 7 in Conjurations
  6284 | D:6      | Found a staircase to the Ecumenical Temple.
  6295 | Temple   | Entered the Ecumenical Temple
  6303 | Temple   | Became a worshipper of Gozag Ym Sagoz the Greedy
  6750 | D:7      | Reached XP level 9. HP: 51/51 MP: 17/17
  7033 | D:7      | Reached skill level 5 in Hexes
  7033 | D:7      | Reached skill level 5 in Translocations
  7174 | D:7      | Found a hazy altar of Hepliaklqana.
  7391 | D:7      | Found an iron altar of Okawaru.
  7654 | D:8      | Learned a level 2 spell: Blink
  7658 | D:8      | Learned a level 3 spell: Mephitic Cloud
  7665 | D:8      | Found Lauprike's Assorted Antiques.
  7787 | D:8      | Noticed a two-headed ogre
  7793 | D:8      | Killed a two-headed ogre
  7793 | D:8      | Reached skill level 8 in Conjurations
  7963 | D:8      | Noticed Joseph
  7976 | D:8      | Killed Joseph
  7976 | D:8      | Reached XP level 10. HP: 32/56 MP: 14/20
  8052 | D:8      | Noticed Pikel
  8058 | D:8      | Killed Pikel
  8246 | D:8      | Found a basalt altar of Yredelemnul.
  8840 | D:9      | Reached skill level 9 in Conjurations
  9367 | D:9      | Found a broken altar of Ashenzari.
 10020 | D:10     | Entered Level 10 of the Dungeon
 10253 | D:10     | Noticed a two-headed ogre
 10257 | D:10     | Killed a two-headed ogre
 10257 | D:10     | Reached skill level 1 in Fighting
 10264 | D:10     | Reached XP level 11. HP: 64/64 MP: 14/23
 10385 | D:10     | Noticed a centaur warrior
 10396 | D:10     | Killed a centaur warrior
 10549 | D:10     | Noticed Maggie
 10561 | D:10     | Killed Maggie
 11170 | D:10     | Found a staircase to the Orcish Mines.
 11391 | D:11     | Noticed a tengu warrior
 11404 | D:11     | Killed a tengu warrior
 11404 | D:11     | Reached skill level 10 in Conjurations
 11872 | D:11     | Noticed a two-headed ogre
 11881 | D:11     | Killed a two-headed ogre
 12050 | D:11     | Noticed an unseen horror
 12152 | D:11     | Killed an unseen horror
 12626 | D:11     | Found a staircase to the Lair.
 12722 | D:11     | Noticed a manticore
 12739 | D:11     | Killed a manticore
 13165 | Lair:1   | Entered Level 1 of the Lair of Beasts
 13361 | Lair:1   | Reached XP level 12. HP: 74/74 MP: 23/25
 14863 | Lair:2   | Reached skill level 11 in Conjurations
 15699 | Lair:2   | Found a staircase to the Snake Pit.
 16140 | Lair:3   | Reached skill level 10 in Spellcasting
 16196 | Lair:3   | Reached skill level 5 in Fighting
 16823 | Lair:3   | Got a vibrating bronze amulet
 17046 | Lair:3   | Got a sparkling lead ring
 17522 | Lair:1   | Identified the ring of Propriety {*Contam rC+ MR+ Int+3}
                  | (You found it on level 3 of the Lair of Beasts)
 17523 | Lair:1   | Identified the amulet "Inuocsec" {Faith MR+} (You found it
                  | on level 3 of the Lair of Beasts)
 17677 | Lair:4   | Noticed Nergalle
 17693 | Lair:4   | Killed Nergalle
 17693 | Lair:4   | Reached XP level 13. HP: 83/83 MP: 24/27
 17940 | Lair:4   | Found a staircase to the Swamp.
 18178 | Lair:4   | Reached skill level 12 in Conjurations
 19146 | Lair:5   | Noticed Nessos
 19155 | Lair:5   | Killed Nessos
 20283 | Lair:5   | Found a staircase to the Slime Pits.
 21021 | Lair:6   | Entered Level 6 of the Lair of Beasts
 21565 | Lair:6   | Got a masterwork great mace
 22338 | Lair:6   | Reached skill level 13 in Conjurations
 22527 | Lair:6   | Reached skill level 5 in Dodging
 22591 | Lair:6   | Reached XP level 14. HP: 90/94 MP: 14/29
 24027 | Lair:6   | Found a runed translucent door.
 24065 | Lair:6   | Identified the Handbook of Lethal Black Rituals
 25123 | Lair:6   | Identified the +4 great mace of the Heavens {vamp, rPois
                  | rF- MR+ Str+3} (You found it on level 6 of the Lair of
                  | Beasts)
 25630 | Lair:1   | Bought a scroll of identify for 46 gold pieces
 25630 | Lair:1   | Bought a scroll of identify for 46 gold pieces
 25630 | Lair:1   | Bought a scroll of identify for 46 gold pieces
 25630 | Lair:1   | Bought an orange potion for 20 gold pieces
 25645 | Lair:1   | Bought a book of Power for 630 gold pieces
 25656 | Lair:1   | Learned a level 7 spell: Orb of Destruction
 25663 | Lair:1   | Learned a level 6 spell: Freezing Cloud
 25783 | Swamp:1  | Entered Level 1 of the Swamp
 25826 | Swamp:1  | Reached skill level 1 in Shields
 25826 | Swamp:1  | Reached skill level 1 in Ice Magic
 25826 | Swamp:1  | Reached skill level 1 in Air Magic
 25836 | Swamp:1  | Engulfed by a cloud of freezing vapour

Illustrated notes

Levels and vault maps discovered:
D:1:      scummos_arrival_simple_fountains, layout_loops_corners,
          glass_columns_b
D:2:      layout_loops_ring, nicolae_overflow_hidden_temple,
          chequers_ecumenical_altar_twisty, kennysheep_generic_room_7
D:3:      layout_loops_ring, tso_metal_star
D:4:      layout_rooms, lemuel_round_altar, nicolae_ossuary_entry_monument,
          hangedman_decor_lopped, uniq_natasha, uniq_sigmund
D:5:      layout_loops_ring, lightli_temple_of_fire,
          gammafunk_temple_overflow_statue, minmay_tree_intersection
D:6:      layout_rooms, minmay_temple_entry_nine_rooms
D:7:      layout_cave_pools, nicolae_overflow_crystal_walls, lemuel_round_altar
D:8:      layout_basic, kennysheep_mini_moat, serial_shops, shop, uniq_pikel,
          uniq_joseph
D:9:      wad_cavern_with_rooms, layout_irregular_city, evilmike_ruin_ashenzari
D:10:     layout_roguey, orc_0_dummy, uniq_maggie
D:11:     layout_basic, lair_entry_dummy
Temple:   hc_temple_tempest_star
Lair:1:   layout_misc_corridors, chequers_serial_rivers_large_b
Lair:2:   layout_gridlike, minmay_snake_entry_guardpost_small,
          grunt_megastairs_5
Lair:3:   layout_roguey, chequers_serial_rivers_marsh, serial_bayou_lake_a,
          minmay_lair_oklob_chamber
Lair:4:   layout_roguey, swamp_mist, serial_bayou_shore_b, serial_bayou_shore_b,
          uniq_nergalle
Lair:5:   layout_small_grid, minmay_slime_entry_pillars, serial_rivers,
          chequers_serial_rivers_room_b, chequers_serial_rivers_room_a,
          chequers_serial_rivers_room_b, chequers_serial_rivers_micro_b,
          chequers_serial_rivers_micro_b, chequers_serial_rivers_micro_e,
          chequers_serial_rivers_micro_c, beast_lair_carwin_10, uniq_nessos
Lair:6:   hangedman_lair_tendril_chambers, layout_hall_layers, wormcave
Swamp:1:  layout_basic_swamp, evilmike_swamp_ruin_rubble_2, swamp_pool3

Skill      XL: |  1  2  3  4  5  6  7  8  9 10 11 12 13 14 |
---------------+-------------------------------------------+-----
Spellcasting   | 3 4 5 7 8 9 10 11 12 | 12.6
Conjurations   | 5 6 7 8 9 10 11 13 | 13.0
Hexes          | 1 2 3 4 6 7 8 9 |  9.0
Translocations | 1 2 3 4 6 7 8 9 |  9.0
Fighting       | 1 4 5 8 |  8.0
Dodging        | 4 5 7 |  7.5
Shields        | 1 |  1.3
Ice Magic      | 1 |  1.3
Air Magic      | 1 |  1.3
Stealth        | |  2.6

Action                   |  1- 3 |  4- 6 |  7- 9 | 10-12 | 13-15 || total
-------------------------+-------+-------+-------+-------+-------++-------
Melee: Unarmed           |     4 |     5 |     1 |       |       ||    10
       Constrict         |     1 |       |     4 |       |       ||     5
       Tentacles         |       |     1 |     2 |       |       ||     3
       Dagger            |       |       |     7 |     1 |       ||     8
Throw: Dart              |     5 |     6 |       |       |       ||    11
 Cast: Magic Dart        |    32 |    44 |    57 |    17 |     7 ||   157
       Searing Ray       |     9 |    22 |    40 |    54 |    34 ||   159
       Fulminant Prism   |       |       |    26 |   180 |   174 ||   380
       Iskenderun's Myst |       |       |       |    19 |    50 ||    69
       Mephitic Cloud    |       |       |       |     3 |     7 ||    10
       Orb of Destructio |       |       |       |       |     5 ||     5
       Freezing Cloud    |       |       |       |       |     1 ||     1
Invok: Call Merchant     |       |       |       |     1 |     3 ||     4
  Use: Scroll            |       |     6 |     3 |     6 |     8 ||    23
Armor: Skin              |     2 |       |       |     5 |     1 ||     8
Dodge: Dodged            |     6 |     9 |    10 |    31 |    26 ||    82

Table legend: (Time is in decaauts)
 A = Elapsed time spent in this place.
 B = Non-inter-level travel time spent in this place.
 C = Inter-level travel time spent in this place.
 D = Time resting spent in this place.
 E = Time spent auto-exploring this place.
 F = Levels seen in this place.
 G = Mean time per level.
                   A        B        C        D        E       F      G
               +--------+--------+--------+--------+--------+-----+--------+
         Total |  25890 |  24885 |   1005 |   8072 |  13070 |  19 | 1362.6 |
       Dungeon |  13382 |  13112 |    270 |   3054 |   8302 |  11 | 1216.5 |
        Temple |     19 |     19 |      0 |      0 |      0 |   1 |   19.0 |
          Lair |  12437 |  11702 |    735 |   5018 |   4750 |   6 | 2072.8 |
         Swamp |     51 |     51 |      0 |      0 |     18 |   1 |   51.0 |
               +--------+--------+--------+--------+--------+-----+--------+

Top non-repeatable levels by time:
  Lair:6: 4015 daAuts
  Lair:4: 2149 daAuts
  Lair:5: 1889 daAuts
    D:10: 1857 daAuts
  Lair:2: 1554 daAuts
    D:11: 1514 daAuts
     D:9: 1504 daAuts
     D:1: 1466 daAuts
     D:6: 1455 daAuts
  Lair:1: 1451 daAuts
  Lair:3: 1375 daAuts
     D:2: 1066 daAuts
     D:4: 1007 daAuts
     D:8: 933 daAuts
     D:5: 908 daAuts
